 Dungeon Sprint DCSS version 0.31-a0-920-g28cbb04a8c (webtiles) character file.

Game seed: 12388118327467089382

22059 sircluck the Brawler (level 12, -10/146 HPs)
             Began as a Troll Berserker on Oct 17, 2023.
             Was the Champion of Trog.
             Mangled by Ilsuiw
             ... wielding a +1 trident of freezing
              (12 damage)
             ... in the Dungeon (Sprint VII: "The Pits").
             The game lasted 00:07:51 (1962 turns).

sircluck the Brawler (Troll Berserker)              Turns: 1962, Time: 00:07:51

Health: -10/146    AC:  6    Str: 32    XL:     12   Next: 59%
Magic:  11/11      EV: 16    Int:  3    God:    Trog [******]
Gold:   18         SH:  0    Dex: 12    Spells: 11/11 levels left

rFire   + .          .
                       - Unarmed
rCold   . . .        (no shield)
rNeg    . . .        A - +2 robe {rF+}
rPois   .            (helmet restricted)
rElec   .            (no cloak)
rCorr   .            (gloves unavailable)
SInv    .            (boots unavailable)
Will    .....        (no amulet)
Stlth   +            l - +3 ring of dexterity
HPRegen 1.24/turn    (no ring)
MPRegen 0.12/turn

%: no teleportation
@: engulfed (cannot breathe)
A: large, unfitting armour, claws 3, regeneration 1, shaggy fur 1, tough skin 1
a: Renounce Religion, Berserk, Trog's Hand, Brothers in Arms


You were in the Dungeon.
You worshipped Trog.
Trog was exalted by your worship.
You visited 1 branch You collected 18 gold pieces.

Inventory:

Missiles
 k - a throwing net
Armour
 a - a +0 animal skin
 A - a +2 robe of fire resistance (worn)
Jewellery
 l - a +3 ring of dexterity (left claw)
 o - a +3 ring of intelligence
 u - a +6 ring of strength
 v - a ring of protection from cold
 x - a ring of poison resistance
 y - a ring of ice
Wands
 g - a wand of flame (4)
 s - a wand of mindburst (8)
Scrolls
 d - 8 scrolls of enchant weapon
 i - 2 scrolls of vulnerability
 j - a scroll of summoning
 p - 4 scrolls of enchant armour
 t - 2 scrolls of fog
 w - a scroll of immolation
 z - a scroll of silence
Potions
 b - 11 potions of curing
 c - 9 potions of heal wounds
 e - 4 potions of magic
 f - 3 potions of berserk rage
 h - 2 potions of invisibility
 m - 2 potions of resistance
 n - a potion of mutation
 q - 2 potions of haste
 r - 2 potions of might


   Skills:
 + Level 16.6 Fighting
 + Level 16.4 Dodging
 + Level 19.2 Unarmed Combat


You had 11 spell levels left.
You didn't know any spells.
Your spell library was empty.

Dungeon Overview and Level Annotations

Branches:
Dungeon (1/1)

Altars:
Ashenzari
Cheibriados
Dithmenos
Elyvilon
Fedhas
Gozag
Hepliaklqana
Kikubaaqudgha
Makhleb
Nemelex Xobeh
Okawaru
Qazlal
Ru
Sif Muna
Trog
Uskayaw
Vehumet
Wu Jian
Xom
Yredelemnul
Zin
The Shining One
Jiyva
Lugonu

Annotations:
D Ilsuiw


Innate Abilities, Weirdness & Mutations

You are too large for most types of armour.
You have claws for hands.
Your natural rate of healing is unusually fast.
You are covered in fur. (AC +1)
You have tough skin. (AC +1)


Message History

* * * LOW HITPOINT WARNING * * *
The water elemental hits you!
* * * LOW HITPOINT WARNING * * *
The water elemental engulfs you in water!
The water elemental hits you.
Unknown command.
Unknown command.
Unknown command.
Unknown command.
You closely miss Ilsuiw. Your claw misses Ilsuiw.
Ilsuiw is almost dead.
* * * LOW HITPOINT WARNING * * *
Your lungs strain for air!
Unknown command.
Unknown command.
You miss Ilsuiw.
Ilsuiw is almost dead.
* * * LOW HITPOINT WARNING * * *
Your lungs strain for air!
Ilsuiw hits you with a +1 trident of freezing!
* * * LOW HITPOINT WARNING * * *
Ilsuiw freezes you.
* * * LOW HITPOINT WARNING * * *
The water elemental hits you.
* * * LOW HITPOINT WARNING * * *
The water elemental hits you. The water elemental closely misses you.
Aiming: Mindburst
Press: ? - help, Q - select action, (/) - cycle Shift-Dir - straight line, f - Ilsuiw
Aim: Ilsuiw, wielding a +1 trident of freezing and wearing a +2 robe of resistance (almost dead, chance to affect: 0%)
Okay, then.
Aiming: Throw Flame
Press: ? - help, Q - select action, (/) - cycle Shift-Dir - straight line, f - Ilsuiw
Aim: Ilsuiw, wielding a +1 trident of freezing and wearing a +2 robe of resistance (almost dead, 39% to hit)
Okay, then.
You miss Ilsuiw.
Ilsuiw is almost dead.
* * * LOW HITPOINT WARNING * * *
Your lungs strain for air!
Ilsuiw hits you with a +1 trident of freezing!
You die...

#....................'
#..################..# #..# #Z
#..# #..# #Y #..# #..# #Y #..#
#..# #4 #..# #..##. #..#
#..#m##############..#
############...E@E..............#
_________.##.....E..............#
_________.###########++##########
_______...###########++##########
#########'##................##..#
.?(.')))'.##......#..#......##..#
#########.##................''..#
...........'....†...........')[.#
'#####'#####......#..#......##...


You could see Ilsuiw and 3 water elementals.

Vanquished Creatures
  A bone dragon (D)
  An ophan (D)
  A minotaur (D)
  Harold (D)
  2 boulder beetles (D)
  A vampire mage (D)
  A death yak (D)
  A demonic crawler (D)
  A fire crab (D)
  A shadow wraith (D)
  2 flayed ghosts (D)
  2 bog bodies (D)
  A molten gargoyle (D)
  A black mamba (D)
  An unseen horror (D)
  A freezing wraith (D)
  2 komodo dragons (D)
  A komodo dragon (shapeshifter) (D)
  An ice devil (D)
  A troll (D)
  A guardian mummy (D)
  A hellwing (D)
  8 dream sheep (D)
  A tarantella (D)
  2 slime creatures (D)
  A jumping spider (D)
  A wyvern (D)
  2 fire bats (D)
  4 redbacks (D)
  2 hell hounds (D)
  A swamp drake (D)
  A sky beast (D)
  6 wolves (D)
  4 centaurs (D)
  A scorpion (D)
  4 wights (D)
  2 jellies (D)
  A gnoll bouda (D)
  Jessica (D)
  An iguana (D)
  An orc wizard (D)
  4 gnolls (D)
  A river rat (D)
  3 adders (D)
  A white imp (D)
  An orc (D)
  2 bat zombies (D)
  An endoplasm (D)
  A goblin (D)
  A hobgoblin (D)
  A bat (D)
  A frilled lizard (D)
  A kobold (D)
88 creatures vanquished.

Vanquished Creatures (collateral kills)
  A merfolk javelineer (D)
  A demonic crawler (D)
  A shadow wraith (D)
  A flayed ghost (D)
  A necromancer (D)
  A large abomination (D)
  An elephant (D)
  An orange demon (D)
  3 merfolk (D)
  2 dream sheep (D)
  A shadow (D)
  A slime creature (D)
  A redback (D)
  An acid dragon (D)
  A kobold brigand (D)
  An orc wizard (D)
  An adder zombie (D)
  An adder skeleton (D)
  An orc (D)
  A quokka (D)
  A ball python skeleton (D)
  A kobold (D)
25 creatures vanquished.

Grand Total: 113 creatures vanquished

Notes
Turn   | Place    | Note
-------+----------+-------------------------------------------
     0 | D        | sircluck the Troll Berserker began the quest for the Orb.
     0 | D        | Reached XP level 1. HP: 22/22 MP: 0/0
    14 | D        | Reached XP level 2. HP: 31/31 MP: 1/1
    18 | D        | Found a bloodstained altar of Trog.
    18 | D        | Found a shimmering blue altar of Sif Muna.
    18 | D        | Found a viscous altar of Jiyva.
    18 | D        | Found a hazy altar of Hepliaklqana.
    18 | D        | Found an opulent altar of Gozag.
    19 | D        | Found a glowing golden altar of the Shining One.
    19 | D        | Found a glowing silver altar of Zin.
    19 | D        | Found a basalt altar of Yredelemnul.
    19 | D        | Found a shimmering altar of Xom.
    19 | D        | Found an ornate altar of the Wu Jian Council.
    19 | D        | Found a sacrificial altar of Ru.
    19 | D        | Found a stormy altar of Qazlal.
    19 | D        | Found an iron altar of Okawaru.
    19 | D        | Found a sparkling altar of Nemelex Xobeh.
    19 | D        | Found a burning altar of Makhleb.
    19 | D        | Found a blossoming altar of Fedhas.
    19 | D        | Found a white marble altar of Elyvilon.
    19 | D        | Found a shadowy altar of Dithmenos.
    19 | D        | Found a snail-covered altar of Cheibriados.
    21 | D        | Found a radiant altar of Vehumet.
    21 | D        | Found a corrupted altar of Lugonu.
    22 | D        | Found a hide-covered altar of Uskayaw.
    22 | D        | Found an ancient bone altar of Kikubaaqudgha.
    22 | D        | Found a broken altar of Ashenzari.
    60 | D        | Reached ** piety under Trog
    63 | D        | Noticed a scorpion
    66 | D        | Reached skill level 4 in Unarmed Combat
    75 | D        | Killed a scorpion
    76 | D        | Reached skill level 5 in Unarmed Combat
    76 | D        | Reached XP level 3. HP: 19/40 MP: 2/2
    76 | D        | Reached XP level 4. HP: 24/49 MP: 3/3
   117 | D        | Noticed a fire bat
   122 | D        | Reached *** piety under Trog
   126 | D        | Killed a fire bat
   127 | D        | Reached skill level 7 in Unarmed Combat
   127 | D        | Reached XP level 5. HP: 30/59 MP: 4/4
   200 | D        | Noticed Jessica
   215 | D        | Killed Jessica
   215 | D        | Reached **** piety under Trog
   229 | D        | Noticed a centaur
   234 | D        | Killed a centaur
   234 | D        | Reached ***** piety under Trog
   235 | D        | Reached skill level 8 in Unarmed Combat
   235 | D        | Reached XP level 6. HP: 59/71 MP: 5/5
   275 | D        | Reached skill level 9 in Unarmed Combat
   280 | D        | Reached XP level 7. HP: 52/79 MP: 6/6
   310 | D        | Noticed Harold
   316 | D        | Killed Harold
   316 | D        | Reached ****** piety under Trog
   317 | D        | Reached skill level 11 in Unarmed Combat
   317 | D        | Reached XP level 8. HP: 36/92 MP: 7/7
   461 | D        | Noticed a tarantella
   465 | D        | Received a gift from Trog
   470 | D        | Killed a tarantella
   475 | D        | Reached skill level 10 in Fighting
   478 | D        | Reached skill level 10 in Dodging
   482 | D        | Reached skill level 12 in Unarmed Combat
   483 | D        | Reached XP level 9. HP: 25/102 MP: 8/8
   563 | D        | Noticed a death yak
   574 | D        | Killed a death yak
   584 | D        | Noticed a flayed ghost
   587 | D        | Killed a flayed ghost
   588 | D        | Reached skill level 13 in Unarmed Combat
   590 | D        | Killed an unseen horror
   590 | D        | Received a gift from Trog
   648 | D        | Noticed a troll
   648 | D        | Noticed a boulder beetle
   655 | D        | Killed a troll
   664 | D        | Killed a boulder beetle
   665 | D        | Reached skill level 14 in Unarmed Combat
   665 | D        | Reached XP level 10. HP: 100/115 MP: 9/9
   668 | D        | Received a gift from Trog
   711 | D        | Noticed a bog body
   719 | D        | Killed a bog body
   728 | D        | Killed a shadow wraith
   732 | D        | Noticed a black mamba
   736 | D        | Killed a black mamba
   737 | D        | Reached skill level 15 in Unarmed Combat
   738 | D        | Identified the +8 quarterstaff "Mugyufet" {heavy, rC+}
                  | (Trog gifted it to you in the Dungeon)
   738 | D        | Received a gift from Trog
   766 | D        | Noticed a molten gargoyle
   771 | D        | Killed a molten gargoyle
   776 | D        | HP: 5/119 [guardian mummy (21)]
   778 | D        | HP: 2/119 [guardian mummy (4)]
   861 | D        | Noticed a large abomination
   861 | D        | Noticed a demonic crawler
   863 | D        | Noticed an elephant
   866 | D        | Noticed a necromancer
   867 | D        | Killed a shadow wraith
   867 | D        | Received a gift from Trog
   868 | D        | Noticed an orange demon
   869 | D        | Killed a large abomination
   870 | D        | Reached XP level 11. HP: 121/127 MP: 10/10
   870 | D        | Killed a demonic crawler
   871 | D        | Reached skill level 16 in Unarmed Combat
   871 | D        | Received a gift from Trog
   877 | D        | Killed a necromancer
   883 | D        | Identified the +6 rapier "Furaceug" {flame, rN+} (Trog
                  | gifted it to you in the Dungeon)
   883 | D        | Received a gift from Trog
   927 | D        | Noticed a flayed ghost
   946 | D        | Killed a flayed ghost
  1168 | D        | Noticed a vampire mage
  1178 | D        | Killed a vampire mage
  1178 | D        | Received a gift from Trog
  1179 | D        | Noticed a demonic crawler
  1197 | D        | Killed a demonic crawler
  1198 | D        | Reached skill level 17 in Unarmed Combat
  1224 | D        | Noticed a boulder beetle
  1250 | D        | Killed a boulder beetle
  1280 | D        | Noticed a fire crab
  1283 | D        | Received a gift from Trog
  1289 | D        | Killed a fire crab
  1290 | D        | Reached skill level 15 in Fighting
  1381 | D        | Noticed a merfolk javelineer
  1391 | D        | HP: 6/132 [merfolk/boomerang[a merfolk javelineer] (11)]
  1396 | D        | Killed a merfolk javelineer
  1397 | D        | Reached skill level 15 in Dodging
  1467 | D        | Noticed a flayed ghost
  1467 | D        | Noticed an ophan
  1475 | D        | Killed a flayed ghost
  1476 | D        | Reached XP level 12. HP: 143/143 MP: 11/11
  1477 | D        | Killed an ophan
  1478 | D        | Reached skill level 18 in Unarmed Combat
  1481 | D        | Identified the +5 giant spiked club of Butchery {heavy,
                  | rC+} (Trog gifted it to you in the Dungeon)
  1481 | D        | Received a gift from Trog
  1702 | D        | Found the +10 zealot's sword {holy, Zealotry, *Rage rN+
                  | EV+3}
  1703 | D        | Noticed a bone dragon
  1717 | D        | Killed a bone dragon
  1727 | D        | Received a gift from Trog
  1936 | D        | Noticed a minotaur
  1937 | D        | Reached skill level 19 in Unarmed Combat
  1941 | D        | Killed a minotaur
  1947 | D        | Received a gift from Trog
  1951 | D        | Noticed Ilsuiw
  1961 | D        | HP: 5/146 [water elemental[Ilsuiw] (6)]
  1962 | D        | HP: 2/146 [drowned by a water elemental[Ilsuiw] (3)]
  1962 | D        | Mangled by Ilsuiw

Illustrated notes

Levels and vault maps discovered:
D:        pitsprint [storerooms_1, entrance_room_1, metal_vault_4, armoury_3,
          mini_pit_1, grid_room_1, main_hall_1, silver_pit, the_coven_2,
          the_vestibule_1, steel_vault_1, golden_pit, hallway_of_sentries,
          crystal_vault_1, iron_vault_1, final_vault]

Skill      XL: |  1  2  3  4  5  6  7  8  9 10 11 12 |
---------------+-------------------------------------+-----
Fighting       | 3 4 6 7 9 10 12 13 15 16 | 16.6
Dodging        | 3 4 6 7 9 10 12 13 15 16 | 16.4
Unarmed Combat | 5 7 8 9 11 12 14 15 17 19 | 19.2

Action                     |  1- 3 |  4- 6 |  7- 9 | 10-12 || total
---------------------------+-------+-------+-------+-------++-------
  Melee: Unarmed           |    15 |    40 |    63 |   145 ||   263
         Punch             |       |     1 |     2 |    18 ||    21
 Invoke: Berserk           |       |       |     2 |     1 ||     3
         Brothers in Arms  |       |       |     1 |     7 ||     8
    Use: Potion            |       |       |     1 |    11 ||    12
         Scroll            |       |       |       |     2 ||     2
 Armour: Animal skin       |     7 |    41 |    71 |    89 ||   208
         Robe              |       |       |       |    20 ||    20
  Dodge: Dodged            |     4 |    46 |    41 |    69 ||   160

Table legend: (Time is in decaauts)
 A = Elapsed time spent in this place.
 B = Non-inter-level travel time spent in this place.
 C = Inter-level travel time spent in this place.
 D = Time resting spent in this place.
 E = Time spent auto-exploring this place.
 F = Levels seen in this place.
 G = Mean time per level.
                   A        B        C        D        E       F      G
               +--------+--------+--------+--------+--------+-----+--------+
         Total |   1908 |   1908 |      0 |    593 |    507 |   1 | 1908.0 |
       Dungeon |   1908 |   1908 |      0 |    593 |    507 |   1 | 1908.0 |
               +--------+--------+--------+--------+--------+-----+--------+

Top non-repeatable levels by time:
       D: 1908 daAuts
